Wiprows vs Little Stars
Created - 16 octobre 2015 at 20:49
Goals
|
| Wiprows |
3 |
1 |
1 |
5 |
| Little Stars |
1 |
1 |
2 |
4 |
|
Shots
|
| Wiprows |
21 |
4 |
6 |
31 |
| Little Stars |
10 |
11 |
13 |
34 |
|
1st period
1. Little Stars , Ryan Vesce 5 (Marcus Kruger) at 8:30 (PP)
2. Wiprows , Thomas Hickey 1 (Brandon Bollig) at 12:51
3. Wiprows , Nick Bonino 1 (Kevin Connauton, Thomas Hickey) at 13:15 (PP)
4. Wiprows , T.J. Oshie 4 (Nick Bonino, Arturs Kulda) at 16:17
Penalties :
Jiri Tlusty (Win) for Tripping (Minor) at 7:49, Mathieu Roy (Tex) for Roughing (Minor) at 13:06
2nd period
5. Wiprows , Éric Belanger 4 (Matt Donovan) at 6:11
6. Little Stars , Sean Avery 5 (Ryan Vesce, Marcus Kruger) at 8:29
Penalties :
Mathieu Roy (Tex) for Interference (Minor) at 8:50
3rd period
7. Little Stars , Sean Avery 6 (Marcus Kruger, Raphael Diaz) at 1:19 (PP)
8. Little Stars , Sean Avery 7 (Raphael Diaz, Marcus Kruger) at 10:04
9. Wiprows , Jiri Tlusty 2 (Nick Bonino, T.J. Oshie) at 15:12
Penalties :
Jiri Tlusty (Win) for Cross-checking (Minor) at 0:45, Cody Bass (Tex) for Charging (Minor) at 6:48
Goalie Stats
Braden Holtby (Win), 30 saves from 34 shots - (0,882), W, 2-2-0, 60:00 minutes
Peter Budaj (Tex), 26 saves from 31 shots - (0,839), L, 0-5-0, 59:01 minutes
Players Stats for Wiprows
Player Name G A P +/- PIM S H SB GA TA FO MP PP MP PK MP
------------------------------------------------------------------------------------
Arturs Kulda 0 1 1 2 0 3 3 5 0 2 0/0 29:36 0:00 1:09
Austin Madaisky 0 0 0 0 0 0 0 0 0 0 0/0 1:24 0:00 0:00
Brandon Bollig 0 1 1 1 0 3 1 0 0 0 0/0 9:32 0:00 1:02
Drayson Bowman 0 0 0 0 0 0 2 0 3 0 0/0 15:54 1:48 0:00
Éric Belanger 1 0 1 0 0 2 1 0 0 0 7/16 15:54 1:48 0:00
Jiri Tlusty 1 0 1 1 4 4 0 0 0 0 1/2 19:20 2:19 0:00
Jordan Szwarz 0 0 0 0 0 1 1 0 0 1 0/0 15:12 0:00 0:13
Justin Shugg 0 0 0 1 0 0 0 0 0 0 0/0 8:30 0:00 0:00
Kevin Connauton 0 1 1 -1 0 2 2 1 1 1 0/0 23:14 2:33 0:00
Linden Vey 0 0 0 0 0 1 1 0 0 1 1/1 15:54 1:48 0:00
Matt Beleskey 0 0 0 0 0 1 0 0 0 0 0/0 13:59 0:00 0:00
Matt Donovan 0 1 1 1 0 1 2 2 2 1 0/0 23:29 1:34 1:15
Maxime Macenauer 0 0 0 0 0 0 1 0 1 2 7/16 16:01 0:00 1:02
Michael Chaput 0 0 0 1 0 1 0 0 0 0 2/5 8:43 0:00 0:13
Michal Jordan 0 0 0 2 0 0 0 2 0 0 0/0 17:41 1:34 0:00
Nick Bonino 1 2 3 1 0 5 1 1 1 0 16/26 20:22 2:19 0:00
T.J. Oshie 1 1 2 1 0 3 1 0 3 0 2/2 19:22 2:19 0:00
Thomas Hickey 1 1 2 0 0 4 0 1 0 1 0/0 24:36 2:33 0:06
Players Stats for Little Stars
Player Name G A P +/- PIM S H SB GA TA FO MP PP MP PK MP
------------------------------------------------------------------------------------
Alexander Vasyunov 0 0 0 0 0 2 0 0 0 0 0/0 8:26 0:00 0:00
Andrej Nestrasil 0 0 0 0 0 0 0 0 0 0 0/0 0:00 0:00 0:00
Cody Bass 0 0 0 -1 2 0 0 2 0 0 4/11 14:33 0:15 0:00
Dana Tyrell 0 0 0 0 0 1 2 0 0 0 0/3 8:26 0:00 0:00
Danny DeKeiser 0 0 0 -2 0 2 1 0 0 2 0/0 11:29 0:00 0:00
Dennis Everberg 0 0 0 0 0 0 0 0 0 0 0/0 8:26 0:00 0:00
Erik Haula 0 0 0 0 0 1 0 0 1 0 3/6 13:59 0:00 0:28
Hugh Jessiman 0 0 0 -1 0 0 1 0 0 0 1/1 15:51 0:15 1:23
Jared Spurgeon 0 0 0 1 0 1 1 0 0 1 0/0 18:26 0:06 1:39
Jesse Joensuu 0 0 0 0 0 4 2 0 0 0 0/1 13:25 0:00 0:00
Justin Faulk 0 0 0 -2 0 2 1 3 0 1 0/0 12:21 0:00 0:52
Marcus Johansson 0 0 0 -1 0 2 1 0 2 1 0/0 15:02 0:15 0:28
Marcus Kruger 0 4 4 -1 0 3 4 1 2 0 19/35 20:51 1:00 1:23
Mathieu Roy 0 0 0 -1 4 0 1 0 1 3 0/0 28:31 1:09 1:03
Petter Granberg 0 0 0 0 0 0 1 0 0 0 0/0 4:25 0:00 0:33
Radko Gudas 0 0 0 1 0 1 2 2 1 1 0/0 18:26 0:06 1:39
Raphael Diaz 0 2 2 -1 0 5 1 2 0 0 0/0 26:20 1:09 2:28
Ryan Vesce 1 1 2 -1 0 3 1 0 0 0 2/4 21:44 1:00 2:16
Sean Avery 3 0 3 -1 0 6 1 0 1 2 2/6 21:44 1:00 2:16
Zack Kassian 0 0 0 0 0 1 0 0 1 0 1/1 13:25 0:00 0:00
3 Stars
1 - Sean Avery (Tex)
2 - Nick Bonino (Win)
3 - Marcus Kruger (Tex)
Power Play
Wiprows - 1 on 3 Attempt(s) - 33,33%
Little Stars - 2 on 2 Attempt(s) - 100,00%
Penalty Kill
Wiprows - 0 on 2 Attempt(s) - 0,00%
- Score 0 goal in Penalty Kill
Little Stars - 2 on 3 Attempt(s) - 66,67%
- Score 0 goal in Penalty Kill
Team Stat
Wiprows - Hits : 16 - Faceoff Wins : 36 - Blocked Shots : 12 - Penalty Minutes : 4
Little Stars - Hits : 20 - Faceoff Wins : 32 - Blocked Shots : 10 - Penalty Minutes : 6
Official
Referees : Furlatt Eric and VanMassenhoven Don
Linesman : Scott Cherrey and Andy McElman
Game Notes
Sean Avery has scored a Hat Trick!
Matt Beleskey is injured at 18:59 of 3rd period (Bruised Right Foot)
Finance
Level 1 -- Attendance: 1474 (73,70%) -- Ticket Income 51 590 $
Level 2 -- Attendance: 688 (68,80%) -- Ticket Income 10 320 $
Total Attendance: 2162 (72,07%)
Total Ticket Income: 61 910 $
Other Income: 3 096 $
Total Income: 65 006 $
Wiprows
5 vs 5 Forward
Center Left Wing Right Wing Time % Phy DF OF
1 Nick Bonino Jiri Tlusty T.J. Oshie 34 0 1 4
2 Éric Belanger Drayson Bowman Linden Vey 28 1 0 4
3 Maxime Macenauer Matt Beleskey Jordan Szwarz 24 1 2 2
4 Michael Chaput Brandon Bollig Justin Shugg 14 1 3 1
5 vs 5 Defense
Defense Defense Time % Phy DF OF
1 Matt Donovan Arturs Kulda 36 1 2 2
2 Kevin Connauton Thomas Hickey 34 1 3 1
3 Arturs Kulda Michal Jordan 28 1 2 2
4 Thomas Hickey Kevin Connauton 2 0 0 5
PowerPlay Forward
Center Left Wing Right Wing Time % Phy DF OF
1 Nick Bonino Jiri Tlusty T.J. Oshie 60 0 0 5
2 Éric Belanger Drayson Bowman Linden Vey 40 0 0 5
PowerPlay Defense
Defense Defense Time % Phy DF OF
1 Kevin Connauton Thomas Hickey 60 0 0 5
2 Michal Jordan Matt Donovan 40 0 0 5
Penalty Kill 4 Players Forward
Center Wing Time % Phy DF OF
1 Maxime Macenauer Brandon Bollig 60 0 5 0
2 Michael Chaput Jordan Szwarz 40 0 5 0
Penalty Kill 4 Players Defense
Defense Defense Time % Phy DF OF
1 Arturs Kulda Matt Donovan 60 0 5 0
2 Matt Donovan Thomas Hickey 40 0 5 0
Penalty Kill - 3 Players Forward
Forward Time % Phy DF OF
1 Maxime Macenauer 60 0 5 0
2 Éric Belanger 40 0 5 0
Penalty Kill - 3 Players Defense
Defense Defense Time % Phy DF OF
1 Arturs Kulda Michal Jordan 60 0 5 0
2 Matt Donovan Thomas Hickey 40 0 5 0
4 vs 4 Forward
Center Wing Time % Phy DF OF
1 Nick Bonino Jiri Tlusty 60 1 2 2
2 Maxime Macenauer T.J. Oshie 40 1 2 2
4 vs 4 Defense
Defense Defense Time % Phy DF OF
1 Arturs Kulda Kevin Connauton 60 1 2 2
2 Matt Donovan Thomas Hickey 40 1 2 2
Last Minutes Offensive
Center Left Wing Right Wing Defense Defense
Nick Bonino Jiri Tlusty T.J. Oshie Kevin Connauton Michal Jordan
Last Minutes Defensive
Center Left Wing Right Wing Defense Defense
Maxime Macenauer Matt Beleskey Jordan Szwarz Arturs Kulda Matt Donovan
Goaltenders
Starting : Braden Holtby
Backup : Calvin Pickard
Extra Forwards
Normal : Nick Bonino, Jiri Tlusty, Linden Vey - PP : Nick Bonino, Drayson Bowman - PK : Brandon Bollig
Extra Defensemen
Normal : Arturs Kulda, Matt Donovan, Thomas Hickey - PP : Matt Donovan - PK : Arturs Kulda, Matt Donovan
Penalty Shots
Éric Belanger, T.J. Oshie, Brandon Bollig, Maxime Macenauer, Nick Bonino
Little Stars
5 vs 5 Forward
Center Left Wing Right Wing Time % Phy DF OF
1 Marcus Kruger Sean Avery Ryan Vesce 40 1 2 2
2 Cody Bass Marcus Johansson Hugh Jessiman 30 1 2 2
3 Erik Haula Jesse Joensuu Zack Kassian 20 1 2 2
4 Dana Tyrell Alexander Vasyunov Dennis Everberg 10 1 2 2
5 vs 5 Defense
Defense Defense Time % Phy DF OF
1 Mathieu Roy Raphael Diaz 40 1 2 2
2 Radko Gudas Jared Spurgeon 30 1 2 2
3 Danny DeKeiser Justin Faulk 20 1 2 2
4 Petter Granberg Mathieu Roy 10 1 2 2
PowerPlay Forward
Center Left Wing Right Wing Time % Phy DF OF
1 Marcus Kruger Sean Avery Ryan Vesce 60 1 2 2
2 Cody Bass Marcus Johansson Hugh Jessiman 40 1 2 2
PowerPlay Defense
Defense Defense Time % Phy DF OF
1 Mathieu Roy Raphael Diaz 60 1 2 2
2 Radko Gudas Jared Spurgeon 40 1 2 2
Penalty Kill 4 Players Forward
Center Wing Time % Phy DF OF
1 Sean Avery Ryan Vesce 60 1 2 2
2 Hugh Jessiman Marcus Kruger 40 1 2 2
Penalty Kill 4 Players Defense
Defense Defense Time % Phy DF OF
1 Mathieu Roy Raphael Diaz 60 1 2 2
2 Radko Gudas Jared Spurgeon 40 1 2 2
Penalty Kill - 3 Players Forward
Forward Time % Phy DF OF
1 Sean Avery 60 1 2 2
2 Ryan Vesce 40 1 2 2
Penalty Kill - 3 Players Defense
Defense Defense Time % Phy DF OF
1 Mathieu Roy Raphael Diaz 60 1 2 2
2 Radko Gudas Jared Spurgeon 40 1 2 2
4 vs 4 Forward
Center Wing Time % Phy DF OF
1 Sean Avery Ryan Vesce 60 1 2 2
2 Hugh Jessiman Marcus Kruger 40 1 2 2
4 vs 4 Defense
Defense Defense Time % Phy DF OF
1 Mathieu Roy Raphael Diaz 60 1 2 2
2 Radko Gudas Jared Spurgeon 40 1 2 2
Last Minutes Offensive
Center Left Wing Right Wing Defense Defense
Marcus Kruger Sean Avery Ryan Vesce Mathieu Roy Raphael Diaz
Last Minutes Defensive
Center Left Wing Right Wing Defense Defense
Marcus Kruger Sean Avery Ryan Vesce Mathieu Roy Raphael Diaz
Goaltenders
Starting : Peter Budaj
Backup : Ben Scrivens
Extra Forwards
Normal : Zack Kassian, Jesse Joensuu, Erik Haula - PP : Zack Kassian, Jesse Joensuu - PK : Erik Haula
Extra Defensemen
Normal : Danny DeKeiser, Justin Faulk, Petter Granberg - PP : Danny DeKeiser - PK : Justin Faulk, Petter Granberg
Penalty Shots
Sean Avery, Ryan Vesce, Hugh Jessiman, Marcus Kruger, Marcus Johansson
% Time on Ice - Wiprows
Lines # - Real PCT - Wanted PCT - Time Play
Normal Forward
1 - 32% - 34% - 17:03
2 - 26% - 28% - 14:06
3 - 26% - 24% - 13:51
4 - 16% - 14% - 8:30
Normal Defense
1 - 33% - 36% - 17:50
2 - 37% - 34% - 19:45
3 - 27% - 28% - 14:35
4 - 2% - 2% - 1:20
PP Forward
1 - 56% - 60% - 2:19
2 - 44% - 40% - 1:48
PP Defense
1 - 62% - 60% - 2:33
2 - 38% - 40% - 1:34
PK Forward
1 - 83% - 60% - 1:02
2 - 17% - 40% - 0:13
PK Defense
1 - 92% - 60% - 1:09
2 - 8% - 40% - 0:06
PK3 Forward
1 - 0% - 60%
2 - 0% - 40%
PK3 Defense
1 - 0% - 60%
2 - 0% - 40%
44 Forward
1 - 0% - 60%
2 - 0% - 40%
44 Defense
1 - 0% - 60%
2 - 0% - 40%
Last Minute Offensive - 0:00
Last Minute Defensive - 1:08
Total
Forward - 60:00
Defense - 60:00
|
% Time on Ice - Little Stars
Lines # - Real PCT - Wanted PCT - Time Play
Normal Forward
1 - 33% - 40% - 17:27
2 - 27% - 30% - 14:13
3 - 25% - 20% - 13:25
4 - 16% - 10% - 8:26
Normal Defense
1 - 40% - 40% - 21:36
2 - 31% - 30% - 16:41
3 - 21% - 20% - 11:29
4 - 7% - 10% - 3:45
PP Forward
1 - 80% - 60% - 1:00
2 - 20% - 40% - 0:15
PP Defense
1 - 92% - 60% - 1:09
2 - 8% - 40% - 0:06
PK Forward
1 - 66% - 60% - 2:44
2 - 34% - 40% - 1:23
PK Defense
1 - 60% - 60% - 2:28
2 - 40% - 40% - 1:39
PK3 Forward
1 - 0% - 60%
2 - 0% - 40%
PK3 Defense
1 - 0% - 60%
2 - 0% - 40%
44 Forward
1 - 0% - 60%
2 - 0% - 40%
44 Defense
1 - 0% - 60%
2 - 0% - 40%
Last Minute Offensive - 1:07
Last Minute Defensive - 0:00
Total
Forward - 60:00
Defense - 60:00
|
Play by Play
1st period
0:01 of 1st period - Nick Bonino wins face-off versus Marcus Kruger in neutral zone.
0:23 of 1st period - Icing by T.J. Oshie.
0:24 of 1st period - Éric Belanger wins face-off versus Cody Bass in Wiprows zone.
0:49 of 1st period - Jordan Szwarz is hit by Radko Gudas and loses puck.
1:21 of 1st period - Icing by Alexander Vasyunov.
1:22 of 1st period - Nick Bonino wins face-off versus Dana Tyrell in Little Stars zone.
1:51 of 1st period - Snap shot by Alexander Vasyunov.
1:51 of 1st period - Stopped by Braden Holtby with a rebound.
2:09 of 1st period - Slapshot by Dana Tyrell.
2:09 of 1st period - Shot Misses the Net.
2:17 of 1st period - Snap shot by Dana Tyrell.
2:17 of 1st period - Stopped by Braden Holtby with a rebound.
2:19 of 1st period - Slapshot by Justin Faulk.
2:19 of 1st period - Shot Misses the Net.
2:25 of 1st period - Slapshot by Alexander Vasyunov.
2:25 of 1st period - Shot Blocked by Kevin Connauton.
2:27 of 1st period - Slapshot by Danny DeKeiser.
2:27 of 1st period - Stopped by Braden Holtby without a rebound.
2:28 of 1st period - Marcus Kruger wins face-off versus Éric Belanger in Wiprows zone.
2:31 of 1st period - Wrist shot by Ryan Vesce.
2:31 of 1st period - Deflect By Marcus Kruger.
2:31 of 1st period - Stopped by Braden Holtby without a rebound.
2:32 of 1st period - Linden Vey wins face-off versus Marcus Kruger in Wiprows zone.
2:44 of 1st period - Off-side.
2:45 of 1st period - Marcus Kruger wins face-off versus Maxime Macenauer in neutral zone.
2:47 of 1st period - Off-side.
2:48 of 1st period - Ryan Vesce wins face-off versus Maxime Macenauer in neutral zone.
4:05 of 1st period - Wrist shot by Brandon Bollig.
4:05 of 1st period - Shot Misses the Net.
4:07 of 1st period - Slapshot by Matt Donovan.
4:07 of 1st period - Shot Blocked by Cody Bass.
4:09 of 1st period - Snap shot by Michael Chaput.
4:09 of 1st period - Shot Misses the Net.
4:13 of 1st period - Slapshot by Matt Donovan.
4:13 of 1st period - Deflect By Brandon Bollig.
4:13 of 1st period - Stopped by Peter Budaj without a rebound.
4:14 of 1st period - Maxime Macenauer wins face-off versus Erik Haula in Little Stars zone.
4:23 of 1st period - Maxime Macenauer is hit by Jesse Joensuu and loses puck.
4:28 of 1st period - Wrist shot by Zack Kassian.
4:28 of 1st period - Stopped by Braden Holtby with a rebound.
4:49 of 1st period - Wrist shot by Marcus Kruger.
4:49 of 1st period - Shot Misses the Net.
5:05 of 1st period - Snap shot by T.J. Oshie.
5:05 of 1st period - Shot Blocked by Radko Gudas.
5:07 of 1st period - Slapshot by Kevin Connauton.
5:07 of 1st period - Shot Blocked by Radko Gudas.
5:09 of 1st period - Backhand shot by Nick Bonino.
5:09 of 1st period - Shot Misses the Net.
5:11 of 1st period - Snap shot by T.J. Oshie.
5:11 of 1st period - Shot Blocked by Cody Bass.
5:15 of 1st period - Wrist shot by Jiri Tlusty.
5:15 of 1st period - Stopped by Peter Budaj with a rebound.
5:41 of 1st period - Radko Gudas is hit by Arturs Kulda and loses puck.
5:56 of 1st period - Arturs Kulda is hit by Marcus Kruger and loses puck.
6:15 of 1st period - Snap shot by Nick Bonino.
6:15 of 1st period - Stopped by Peter Budaj without a rebound.
6:16 of 1st period - Maxime Macenauer wins face-off versus Dana Tyrell in Little Stars zone.
6:26 of 1st period - Snap shot by Kevin Connauton.
6:26 of 1st period - Stopped by Peter Budaj with a rebound.
6:36 of 1st period - Thomas Hickey is hit by Dana Tyrell.
7:28 of 1st period - Off-side.
7:29 of 1st period - Cody Bass wins face-off versus Michael Chaput in neutral zone.
7:44 of 1st period - Snap shot by Cody Bass.
7:44 of 1st period - Deflect By Marcus Johansson.
7:44 of 1st period - Shot Misses the Net.
7:44 of 1st period - Puck is out of play.
7:45 of 1st period - Marcus Kruger wins face-off versus Jiri Tlusty in Wiprows zone.
7:46 of 1st period - Wrist shot by Sean Avery.
7:46 of 1st period - Stopped by Braden Holtby without a rebound.
7:47 of 1st period - Nick Bonino wins face-off versus Marcus Kruger in Wiprows zone.
7:49 of 1st period - Minor Penalty to Jiri Tlusty for Tripping.
7:50 of 1st period - Marcus Kruger wins face-off versus Maxime Macenauer in Wiprows zone.
7:56 of 1st period - Wrist shot by Marcus Kruger.
7:56 of 1st period - Shot Blocked by Matt Donovan.
8:22 of 1st period - Wrist shot by Marcus Johansson.
8:22 of 1st period - Shot Blocked by Arturs Kulda.
8:24 of 1st period - Snap shot by Raphael Diaz.
8:24 of 1st period - Stopped by Braden Holtby without a rebound.
8:25 of 1st period - Marcus Kruger wins face-off versus Michael Chaput in Wiprows zone.
8:28 of 1st period - Snap shot by Ryan Vesce.
8:28 of 1st period - Shot Misses the Net.
8:30 of 1st period - Wrist shot by Ryan Vesce.
8:30 of 1st period - Goal by Ryan Vesce - Wiprows : 0 - Little Stars : 1.
8:31 of 1st period - Nick Bonino wins face-off versus Ryan Vesce in neutral zone.
8:34 of 1st period - Slapshot by T.J. Oshie.
8:34 of 1st period - Stopped by Peter Budaj with a rebound.
8:45 of 1st period - Icing by Arturs Kulda.
8:46 of 1st period - Nick Bonino wins face-off versus Cody Bass in Wiprows zone.
8:53 of 1st period - Snap shot by Nick Bonino.
8:53 of 1st period - Stopped by Peter Budaj without a rebound.
8:54 of 1st period - Éric Belanger wins face-off versus Cody Bass in Little Stars zone.
9:19 of 1st period - Ryan Vesce is hit by Jordan Szwarz and loses puck.
9:42 of 1st period - Wrist shot by Brandon Bollig.
9:42 of 1st period - Shot Misses the Net.
9:44 of 1st period - Slapshot by Arturs Kulda.
9:44 of 1st period - Stopped by Peter Budaj with a rebound.
9:46 of 1st period - Slapshot by Arturs Kulda.
9:46 of 1st period - Stopped by Peter Budaj with a rebound.
9:48 of 1st period - Snap shot by Brandon Bollig.
9:48 of 1st period - Shot Blocked by Marcus Kruger.
9:50 of 1st period - Slapshot by Arturs Kulda.
9:50 of 1st period - Shot Hit the Post.
10:08 of 1st period - Slapshot by Raphael Diaz.
10:08 of 1st period - Shot Blocked by Arturs Kulda.
10:31 of 1st period - Raphael Diaz is hit by Linden Vey and loses puck.
10:42 of 1st period - Mathieu Roy is hit by Matt Donovan and loses puck.
11:22 of 1st period - Slapshot by Thomas Hickey.
11:22 of 1st period - Deflect By Brandon Bollig.
11:22 of 1st period - Stopped by Peter Budaj with a rebound.
11:24 of 1st period - Snap shot by Thomas Hickey.
11:24 of 1st period - Shot Misses the Net.
11:26 of 1st period - Wrist shot by Michael Chaput.
11:26 of 1st period - Stopped by Peter Budaj with a rebound.
11:28 of 1st period - Slapshot by Thomas Hickey.
11:28 of 1st period - Deflect By Brandon Bollig.
11:28 of 1st period - Shot Misses the Net.
11:28 of 1st period - Puck is out of play.
11:29 of 1st period - Marcus Kruger wins face-off versus Éric Belanger in Little Stars zone.
11:37 of 1st period - Slapshot by Jared Spurgeon.
11:37 of 1st period - Shot Blocked by Arturs Kulda.
11:43 of 1st period - Snap shot by Ryan Vesce.
11:43 of 1st period - Shot Misses the Net.
12:24 of 1st period - T.J. Oshie is hit by Danny DeKeiser and loses puck.
12:51 of 1st period - Slapshot by Thomas Hickey.
12:51 of 1st period - Goal by Thomas Hickey - Wiprows : 1 - Little Stars : 1.
12:52 of 1st period - Éric Belanger wins face-off versus Marcus Kruger in neutral zone.
12:57 of 1st period - Slapshot by Éric Belanger.
12:57 of 1st period - Deflect By Linden Vey.
12:57 of 1st period - Stopped by Peter Budaj with a rebound.
13:01 of 1st period - Snap shot by Linden Vey.
13:01 of 1st period - Shot Misses the Net.
13:03 of 1st period - Snap shot by Kevin Connauton.
13:03 of 1st period - Stopped by Peter Budaj without a rebound.
13:04 of 1st period - Marcus Kruger wins face-off versus Nick Bonino in Little Stars zone.
13:06 of 1st period - Minor Penalty to Mathieu Roy for Roughing.
13:07 of 1st period - Nick Bonino wins face-off versus Sean Avery in Little Stars zone.
13:07 of 1st period - Snap shot by Jiri Tlusty.
13:07 of 1st period - Stopped by Peter Budaj with a rebound.
13:09 of 1st period - Slapshot by Thomas Hickey.
13:09 of 1st period - Deflect By Ryan Vesce.
13:09 of 1st period - Stopped by Peter Budaj with a rebound.
13:11 of 1st period - Slapshot by T.J. Oshie.
13:11 of 1st period - Stopped by Peter Budaj with a rebound.
13:13 of 1st period - Slapshot by Thomas Hickey.
13:13 of 1st period - Shot Misses the Net.
13:15 of 1st period - Wrist shot by Kevin Connauton.
13:15 of 1st period - Deflect By Nick Bonino.
13:15 of 1st period - Goal by Nick Bonino - Wiprows : 2 - Little Stars : 1.
13:16 of 1st period - Sean Avery wins face-off versus Nick Bonino in neutral zone.
13:19 of 1st period - Wrist shot by Ryan Vesce.
13:19 of 1st period - Shot Misses the Net.
13:58 of 1st period - Icing by Mathieu Roy.
13:59 of 1st period - Zack Kassian wins face-off versus Maxime Macenauer in Little Stars zone.
14:24 of 1st period - Slapshot by Marcus Kruger.
14:24 of 1st period - Shot Blocked by Arturs Kulda.
14:30 of 1st period - Wrist shot by Ryan Vesce.
14:30 of 1st period - Shot Blocked by Arturs Kulda.
14:32 of 1st period - Wrist shot by Sean Avery.
14:32 of 1st period - Stopped by Braden Holtby without a rebound.
14:33 of 1st period - Éric Belanger wins face-off versus Cody Bass in Wiprows zone.
15:45 of 1st period - Icing by Arturs Kulda.
15:46 of 1st period - Michael Chaput wins face-off versus Marcus Kruger in Wiprows zone.
16:17 of 1st period - Wrist shot by T.J. Oshie.
16:17 of 1st period - Goal by T.J. Oshie - Wiprows : 3 - Little Stars : 1.
16:18 of 1st period - Marcus Kruger wins face-off versus Éric Belanger in neutral zone.
16:27 of 1st period - Snap shot by Ryan Vesce.
16:27 of 1st period - Shot Blocked by Thomas Hickey.
17:50 of 1st period - Snap shot by Sean Avery.
17:50 of 1st period - Shot Misses the Net.
17:52 of 1st period - Snap shot by Sean Avery.
17:52 of 1st period - Shot Misses the Net.
17:54 of 1st period - Wrist shot by Raphael Diaz.
17:54 of 1st period - Stopped by Braden Holtby without a rebound.
17:55 of 1st period - Cody Bass wins face-off versus Nick Bonino in Wiprows zone.
18:29 of 1st period - Wrist shot by Éric Belanger.
18:29 of 1st period - Stopped by Peter Budaj with a rebound.
18:31 of 1st period - Snap shot by Drayson Bowman.
18:31 of 1st period - Shot Blocked by Justin Faulk.
19:27 of 1st period - Snap shot by Nick Bonino.
19:27 of 1st period - Stopped by Peter Budaj with a rebound.
19:29 of 1st period - Wrist shot by Jiri Tlusty.
19:29 of 1st period - Deflect By Nick Bonino.
19:29 of 1st period - Stopped by Peter Budaj with a rebound.
19:31 of 1st period - Wrist shot by T.J. Oshie.
19:31 of 1st period - Shot Blocked by Raphael Diaz.
19:51 of 1st period - Snap shot by Sean Avery.
19:51 of 1st period - Deflect By Ryan Vesce.
19:51 of 1st period - Shot Blocked by Matt Donovan.
19:51 of 1st period - Puck is out of play.
19:52 of 1st period - Marcus Kruger wins face-off versus Maxime Macenauer in Wiprows zone.
Goals for this period are 3 for Wiprows vs 1 for Little Stars.
Shots for this period are 21 for Wiprows vs 10 for Little Stars.
2nd period
0:01 of 2nd period - Nick Bonino wins face-off versus Ryan Vesce in neutral zone.
0:59 of 2nd period - Snap shot by Brandon Bollig.
0:59 of 2nd period - Shot Blocked by Raphael Diaz.
1:01 of 2nd period - Slapshot by Thomas Hickey.
1:01 of 2nd period - Deflect By Zack Kassian.
1:01 of 2nd period - Stopped by Peter Budaj without a rebound.
1:02 of 2nd period - Nick Bonino wins face-off versus Marcus Kruger in Little Stars zone.
1:09 of 2nd period - Wrist shot by Nick Bonino.
1:09 of 2nd period - Shot Misses the Net.
1:55 of 2nd period - Off-side.
1:56 of 2nd period - Jiri Tlusty wins face-off versus Marcus Kruger in neutral zone.
2:01 of 2nd period - Snap shot by Marcus Kruger.
2:01 of 2nd period - Stopped by Braden Holtby without a rebound.
2:02 of 2nd period - Sean Avery wins face-off versus Nick Bonino in Wiprows zone.
2:16 of 2nd period - Snap shot by Marcus Kruger.
2:16 of 2nd period - Shot Misses the Net.
2:18 of 2nd period - Snap shot by Sean Avery.
2:18 of 2nd period - Stopped by Braden Holtby with a rebound.
2:49 of 2nd period - Slapshot by Raphael Diaz.
2:49 of 2nd period - Stopped by Braden Holtby without a rebound.
2:50 of 2nd period - Maxime Macenauer wins face-off versus Dana Tyrell in Wiprows zone.
4:55 of 2nd period - Snap shot by Marcus Johansson.
4:55 of 2nd period - Stopped by Braden Holtby with a rebound.
5:01 of 2nd period - Snap shot by Jiri Tlusty.
5:01 of 2nd period - Deflect By T.J. Oshie.
5:01 of 2nd period - Shot Misses the Net.
5:01 of 2nd period - Puck is out of play.
5:02 of 2nd period - Erik Haula wins face-off versus Nick Bonino in Little Stars zone.
5:02 of 2nd period - Erik Haula is hit by T.J. Oshie.
5:20 of 2nd period - Raphael Diaz is hit by Matt Donovan and loses puck.
5:36 of 2nd period - Icing by Mathieu Roy.
5:37 of 2nd period - Maxime Macenauer wins face-off versus Erik Haula in Little Stars zone.
6:11 of 2nd period - Snap shot by Éric Belanger.
6:11 of 2nd period - Goal by Éric Belanger - Wiprows : 4 - Little Stars : 1.
6:12 of 2nd period - Nick Bonino wins face-off versus Marcus Kruger in neutral zone.
6:14 of 2nd period - Off-side.
6:15 of 2nd period - Nick Bonino wins face-off versus Marcus Kruger in neutral zone.
6:48 of 2nd period - Éric Belanger is hit by Marcus Johansson and loses puck.
7:28 of 2nd period - Wrist shot by Maxime Macenauer.
7:28 of 2nd period - Shot Misses the Net.
7:33 of 2nd period - Off-side.
7:34 of 2nd period - Nick Bonino wins face-off versus Cody Bass in neutral zone.
7:41 of 2nd period - Slapshot by T.J. Oshie.
7:41 of 2nd period - Shot Misses the Net.
7:49 of 2nd period - Snap shot by Nick Bonino.
7:49 of 2nd period - Shot Hit the Post.
7:55 of 2nd period - T.J. Oshie is hit by Mathieu Roy.
8:23 of 2nd period - Slapshot by Nick Bonino.
8:23 of 2nd period - Deflect By T.J. Oshie.
8:23 of 2nd period - Shot Misses the Net.
8:23 of 2nd period - Puck is out of play.
8:24 of 2nd period - Marcus Kruger wins face-off versus Éric Belanger in Little Stars zone.
8:29 of 2nd period - Wrist shot by Sean Avery.
8:29 of 2nd period - Goal by Sean Avery - Wiprows : 4 - Little Stars : 2.
8:30 of 2nd period - Marcus Kruger wins face-off versus Maxime Macenauer in neutral zone.
8:33 of 2nd period - Snap shot by Ryan Vesce.
8:33 of 2nd period - Stopped by Braden Holtby without a rebound.
8:34 of 2nd period - Marcus Kruger wins face-off versus Maxime Macenauer in Wiprows zone.
8:50 of 2nd period - Minor Penalty to Mathieu Roy for Interference.
8:51 of 2nd period - Nick Bonino wins face-off versus Sean Avery in Little Stars zone.
9:17 of 2nd period - Sean Avery is hit by Éric Belanger and loses puck.
10:50 of 2nd period - Penalty to Mathieu Roy is over, Mathieu Roy is back on ice.
11:24 of 2nd period - Arturs Kulda is hit by Dana Tyrell and loses puck.
11:59 of 2nd period - Brandon Bollig is hit by Petter Granberg and loses puck.
12:11 of 2nd period - Icing by Kevin Connauton.
12:12 of 2nd period - Nick Bonino wins face-off versus Erik Haula in Wiprows zone.
12:23 of 2nd period - Snap shot by Jesse Joensuu.
12:23 of 2nd period - Stopped by Braden Holtby without a rebound.
12:24 of 2nd period - Éric Belanger wins face-off versus Marcus Kruger in Wiprows zone.
12:31 of 2nd period - Slapshot by Matt Donovan.
12:31 of 2nd period - Deflect By Drayson Bowman.
12:31 of 2nd period - Deflect By Raphael Diaz.
12:31 of 2nd period - Shot Misses the Net.
12:31 of 2nd period - Puck is out of play.
12:32 of 2nd period - Marcus Kruger wins face-off versus Éric Belanger in Little Stars zone.
13:14 of 2nd period - Icing by Marcus Johansson.
13:15 of 2nd period - Maxime Macenauer wins face-off versus Cody Bass in Little Stars zone.
13:16 of 2nd period - Slapshot by Matt Beleskey.
13:16 of 2nd period - Stopped by Peter Budaj with a rebound.
13:45 of 2nd period - Marcus Kruger is hit by Kevin Connauton and loses puck.
14:26 of 2nd period - Slapshot by Thomas Hickey.
14:26 of 2nd period - Stopped by Peter Budaj with a rebound.
14:42 of 2nd period - Slapshot by Jared Spurgeon.
14:42 of 2nd period - Stopped by Braden Holtby without a rebound.
14:43 of 2nd period - Nick Bonino wins face-off versus Marcus Kruger in Wiprows zone.
16:11 of 2nd period - Marcus Johansson is hit by Maxime Macenauer and loses puck.
16:20 of 2nd period - Michal Jordan is hit by Hugh Jessiman and loses puck.
16:39 of 2nd period - Wrist shot by Alexander Vasyunov.
16:39 of 2nd period - Stopped by Braden Holtby with a rebound.
16:41 of 2nd period - Slapshot by Radko Gudas.
16:41 of 2nd period - Stopped by Braden Holtby with a rebound.
17:56 of 2nd period - Raphael Diaz is hit by Drayson Bowman and loses puck.
18:22 of 2nd period - Zack Kassian is hit by Kevin Connauton and loses puck.
18:30 of 2nd period - Icing by Radko Gudas.
18:31 of 2nd period - Marcus Kruger wins face-off versus Éric Belanger in Little Stars zone.
19:20 of 2nd period - Wrist shot by Zack Kassian.
19:20 of 2nd period - Shot Misses the Net.
19:22 of 2nd period - Snap shot by Erik Haula.
19:22 of 2nd period - Stopped by Braden Holtby with a rebound.
19:42 of 2nd period - Marcus Kruger is hit by Brandon Bollig and loses puck.
Goals for this period are 1 for Wiprows vs 1 for Little Stars.
Shots for this period are 4 for Wiprows vs 11 for Little Stars.
3rd period
0:01 of 3rd period - Marcus Kruger wins face-off versus Nick Bonino in neutral zone.
0:26 of 3rd period - T.J. Oshie is hit by Jesse Joensuu.
0:45 of 3rd period - Minor Penalty to Jiri Tlusty for Cross-checking.
0:46 of 3rd period - Maxime Macenauer wins face-off versus Marcus Kruger in Wiprows zone.
0:57 of 3rd period - Matt Donovan is hit by Raphael Diaz.
1:11 of 3rd period - Maxime Macenauer is hit by Marcus Kruger.
1:15 of 3rd period - Slapshot by Sean Avery.
1:15 of 3rd period - Shot Misses the Net.
1:17 of 3rd period - Wrist shot by Raphael Diaz.
1:17 of 3rd period - Deflect By Marcus Kruger.
1:17 of 3rd period - Stopped by Braden Holtby with a rebound.
1:19 of 3rd period - Snap shot by Sean Avery.
1:19 of 3rd period - Goal by Sean Avery - Wiprows : 4 - Little Stars : 3.
1:20 of 3rd period - Cody Bass wins face-off versus Éric Belanger in neutral zone.
1:25 of 3rd period - Wrist shot by Mathieu Roy.
1:25 of 3rd period - Shot Misses the Net.
1:53 of 3rd period - Snap shot by Nick Bonino.
1:53 of 3rd period - Shot Misses the Net.
1:55 of 3rd period - Slapshot by Arturs Kulda.
1:55 of 3rd period - Stopped by Peter Budaj without a rebound.
1:56 of 3rd period - Nick Bonino wins face-off versus Marcus Kruger in Little Stars zone.
2:54 of 3rd period - Snap shot by Jesse Joensuu.
2:54 of 3rd period - Stopped by Braden Holtby with a rebound.
4:11 of 3rd period - Wrist shot by Matt Beleskey.
4:11 of 3rd period - Deflect By Jordan Szwarz.
4:11 of 3rd period - Stopped by Peter Budaj without a rebound.
4:12 of 3rd period - T.J. Oshie wins face-off versus Jesse Joensuu in Little Stars zone.
4:15 of 3rd period - Slapshot by Jiri Tlusty.
4:15 of 3rd period - Stopped by Peter Budaj with a rebound.
4:31 of 3rd period - Snap shot by Jesse Joensuu.
4:31 of 3rd period - Shot Misses the Net.
4:35 of 3rd period - Snap shot by Jesse Joensuu.
4:35 of 3rd period - Shot Blocked by Michal Jordan.
4:37 of 3rd period - Backhand shot by Danny DeKeiser.
4:37 of 3rd period - Stopped by Braden Holtby with a rebound.
4:39 of 3rd period - Backhand shot by Justin Faulk.
4:39 of 3rd period - Stopped by Braden Holtby without a rebound.
4:40 of 3rd period - Marcus Kruger wins face-off versus Éric Belanger in Wiprows zone.
4:43 of 3rd period - Snap shot by Ryan Vesce.
4:43 of 3rd period - Stopped by Braden Holtby with a rebound.
6:48 of 3rd period - Minor Penalty to Cody Bass for Charging.
6:49 of 3rd period - Nick Bonino wins face-off versus Sean Avery in Little Stars zone.
7:49 of 3rd period - Wrist shot by Mathieu Roy.
7:49 of 3rd period - Deflect By Marcus Kruger.
7:49 of 3rd period - Shot Misses the Net.
7:49 of 3rd period - Puck is out of play.
7:50 of 3rd period - Hugh Jessiman wins face-off versus Nick Bonino in Wiprows zone.
8:09 of 3rd period - Sean Avery is hit by Drayson Bowman and loses puck.
8:48 of 3rd period - Penalty to Cody Bass is over, Cody Bass is back on ice.
9:01 of 3rd period - Slapshot by Justin Faulk.
9:01 of 3rd period - Stopped by Braden Holtby with a rebound.
9:44 of 3rd period - Wrist shot by Jesse Joensuu.
9:44 of 3rd period - Stopped by Braden Holtby without a rebound.
9:45 of 3rd period - Erik Haula wins face-off versus Michael Chaput in Wiprows zone.
9:46 of 3rd period - Snap shot by Jesse Joensuu.
9:46 of 3rd period - Stopped by Braden Holtby without a rebound.
9:47 of 3rd period - Michael Chaput wins face-off versus Marcus Kruger in Wiprows zone.
9:47 of 3rd period - Michael Chaput is hit by Marcus Kruger.
9:52 of 3rd period - Off-side.
9:53 of 3rd period - Ryan Vesce wins face-off versus Nick Bonino in neutral zone.
10:04 of 3rd period - Slapshot by Sean Avery.
10:04 of 3rd period - Goal by Sean Avery - Wiprows : 4 - Little Stars : 4.
10:05 of 3rd period - Éric Belanger wins face-off versus Marcus Kruger in neutral zone.
10:30 of 3rd period - Cody Bass is hit by Arturs Kulda and loses puck.
10:57 of 3rd period - Arturs Kulda is hit by Jared Spurgeon and loses puck.
11:04 of 3rd period - Slapshot by Dana Tyrell.
11:04 of 3rd period - Shot Misses the Net.
11:24 of 3rd period - Arturs Kulda is hit by Justin Faulk and loses puck.
11:33 of 3rd period - Slapshot by Maxime Macenauer.
11:33 of 3rd period - Shot Misses the Net.
11:36 of 3rd period - Icing by Raphael Diaz.
11:37 of 3rd period - T.J. Oshie wins face-off versus Marcus Kruger in Little Stars zone.
11:46 of 3rd period - Jiri Tlusty is hit by Sean Avery and loses puck.
12:33 of 3rd period - Snap shot by Brandon Bollig.
12:33 of 3rd period - Stopped by Peter Budaj with a rebound.
13:17 of 3rd period - Off-side.
13:18 of 3rd period - Cody Bass wins face-off versus Éric Belanger in neutral zone.
13:23 of 3rd period - Snap shot by Marcus Johansson.
13:23 of 3rd period - Shot Misses the Net.
13:25 of 3rd period - Slapshot by Marcus Johansson.
13:25 of 3rd period - Stopped by Braden Holtby with a rebound.
14:21 of 3rd period - Snap shot by Matt Beleskey.
14:21 of 3rd period - Shot Misses the Net.
15:01 of 3rd period - Sean Avery is hit by Nick Bonino and loses puck.
15:08 of 3rd period - Snap shot by T.J. Oshie.
15:08 of 3rd period - Shot Blocked by Justin Faulk.
15:10 of 3rd period - Snap shot by Jiri Tlusty.
15:10 of 3rd period - Shot Blocked by Justin Faulk.
15:12 of 3rd period - Wrist shot by Nick Bonino.
15:12 of 3rd period - Deflect By Jiri Tlusty.
15:12 of 3rd period - Goal by Jiri Tlusty - Wiprows : 5 - Little Stars : 4.
15:13 of 3rd period - Maxime Macenauer wins face-off versus Sean Avery in neutral zone.
16:08 of 3rd period - Slapshot by Jiri Tlusty.
16:08 of 3rd period - Shot Misses the Net.
16:10 of 3rd period - Snap shot by Nick Bonino.
16:10 of 3rd period - Shot Misses the Net.
16:28 of 3rd period - Arturs Kulda is hit by Radko Gudas.
16:32 of 3rd period - Wrist shot by Matt Donovan.
16:32 of 3rd period - Stopped by Peter Budaj with a rebound.
16:40 of 3rd period - Slapshot by Jared Spurgeon.
16:40 of 3rd period - Deflect By Alexander Vasyunov.
16:40 of 3rd period - Shot Misses the Net.
16:40 of 3rd period - Puck is out of play.
16:41 of 3rd period - Marcus Kruger wins face-off versus Nick Bonino in Wiprows zone.
16:55 of 3rd period - Off-side.
16:56 of 3rd period - Éric Belanger wins face-off versus Cody Bass in neutral zone.
17:23 of 3rd period - Jordan Szwarz is hit by Marcus Kruger and loses puck.
17:44 of 3rd period - Slapshot by Raphael Diaz.
17:44 of 3rd period - Deflect By Nick Bonino.
17:44 of 3rd period - Stopped by Braden Holtby without a rebound.
17:45 of 3rd period - Erik Haula wins face-off versus Nick Bonino in Wiprows zone.
17:46 of 3rd period - Wrist shot by Jesse Joensuu.
17:46 of 3rd period - Shot Blocked by Michal Jordan.
18:23 of 3rd period - Justin Faulk is hit by Arturs Kulda and loses puck.
18:58 of 3rd period - Matt Beleskey is hit by Ryan Vesce and loses puck.
18:59 of 3rd period - Matt Beleskey from Wiprows is injured at 18:59 of 3rd period (Bruised Right Foot).
19:00 of 3rd period - Marcus Kruger wins face-off versus Maxime Macenauer in Wiprows zone.
19:01 of 3rd period - Little Stars, Peter Budaj is pulled from the net.
19:25 of 3rd period - Snap shot by Ryan Vesce.
19:25 of 3rd period - Shot Blocked by Nick Bonino.
19:27 of 3rd period - Snap shot by Marcus Kruger.
19:27 of 3rd period - Deflect By Sean Avery.
19:27 of 3rd period - Shot Misses the Net.
19:27 of 3rd period - Puck is out of play.
19:28 of 3rd period - Ron Wilson call a timeout for Little Stars.
19:28 of 3rd period - Marcus Kruger wins face-off versus Maxime Macenauer in Wiprows zone.
19:33 of 3rd period - Slapshot by Marcus Kruger.
19:33 of 3rd period - Shot Misses the Net.
19:35 of 3rd period - Backhand shot by Raphael Diaz.
19:35 of 3rd period - Stopped by Braden Holtby with a rebound.
Goals for this period are 1 for Wiprows vs 2 for Little Stars.
Shots for this period are 6 for Wiprows vs 13 for Little Stars.
Output by the SimonT Hockey Simulator (STHS) for François Prévost -- Original Page W3C XHTML 1.0 Valid